[Event "Susha Chess Rapid 2022"]
[Site "Shusha"]
[Date "2022.09.22"]
[Round "4.1"]
[White "Yilmaz, Mustafa"]
[Black "Kasimdzhanov, Rustam"]
[Result "1/2-1/2"]
[ECO "D30"]
[WhiteElo "2633"]
[BlackElo "2670"]
[Annotator "TA"]
[PlyCount "56"]
[EventDate "2022.09.21"]
[EventType "tourn"]
[EventCountry "AZE"]
[SourceTitle "playchess.com"]
[Source "ChessBase"]
[SourceQuality "1"]
[TimeControl "900+10"]

1. d4 d5 2. c4 e6 3. Nf3 c5 4. cxd5 exd5 5. g3 Nf6 6. Bg2 Be7 7. O-O O-O 8. dxc5 Bxc5 9. a3 {[%emt 0:00:08] D30: Queen's Gambit Declined: Systems without Nc3.} h6 10. b4 {[%emt 0:00:19] [#]} Bd6 $146 ({Predecessor:} 10... Bb6 11. Bb2 Nc6 12. Nc3 Re8 13. Rc1 Be6 14. Na4 Ne4 15. Nxb6 Qxb6 {½-½ (40) Carstensen,J (2383)-Golubka,P (2397) Vaxjo 2014}) 11. Nc3 {[%emt 0:01:00] White is slightly better.} a5 12. bxa5 ({Of course not} 12. Nxd5 axb4 13. Ne3 Nc6 $11) 12... Qxa5 13. Bd2 {[%emt 0:00:09][%cal Oc3e4] Black must now prevent Ne4!} Qd8 14. Qb3 Nc6 15. Nxd5 Nxd5 16. Qxd5 Rxa3 17. Rad1 (17. Rxa3 $14 Bxa3 18. Qb5) 17... Be7 18. Qb5 {[%emt 0:00:25][%cal Od2b4] Threatening Bb4!} Qc7 19. Bf4 Qa5 20. Qxa5 Nxa5 21. Nd4 Ra4 22. Ra1 Rxd4 {[%emt 0:01:40] The position is equal.} 23. Rxa5 b6 24. Rb5 Bc5 25. Be3 Ba6 26. Rxc5 bxc5 27. Bxd4 cxd4 28. Rd1 Bxe2 {[%emt 0:00:00] Weighted Error Value: White=0.14 (very precise) /Black=0.09 (flawless)} 1/2-1/2

[Event "Susha Chess Rapid 2022"]
[Site "Shusha"]
[Date "2022.09.22"]
[Round "4.3"]
[White "Maghsoodloo, Parham"]
[Black "Mamedyarov, Shakhriyar"]
[Result "0-1"]
[ECO "C83"]
[WhiteElo "2721"]
[BlackElo "2757"]
[Annotator "TA"]
[PlyCount "138"]
[EventDate "2022.09.21"]
[EventType "tourn"]
[EventCountry "AZE"]
[SourceTitle "playchess.com"]
[Source "ChessBase"]
[SourceQuality "1"]
[TimeControl "900+10"]

1. e4 e5 2. Nf3 Nc6 3. Bb5 a6 4. Ba4 Nf6 5. O-O Nxe4 6. d4 b5 7. Bb3 d5 8. dxe5 Be6 9. c3 Be7 10. Be3 Qd7 11. Nbd2 Rd8 12. Re1 {[%emt 0:01:18] C83: Open Ruy Lopez: 9 c3 Be7.} O-O 13. h3 Nxd2 14. Qxd2 {[%emt 0:00:11] The position is equal.} Na5 {[%emt 0:00:01] [#]} 15. Bc2 $146 ({Predecessor:} 15. Bg5 c5 16. Bc2 Bxg5 17. Nxg5 Bf5 18. g4 Nc4 19. Qc1 Be4 20. Nxe4 dxe4 21. Bxe4 {½-½ (76) Short,N (2500)-Jussupow,A (2570) Thessaloniki 1984}) 15... Nc4 16. Qd3 g6 17. Bc1 c5 18. b3 Na5 19. Bg5 (19. Qe3 $5 ) 19... Bf5 (19... d4 {keeps more tension.} 20. Qe4 Bxg5 21. Nxg5 h6) 20. Qd2 {[%emt 0:00:02] Strongly threatening Bxf5.} Bxc2 21. Qxc2 Nc6 22. Rad1 Rfe8 23. Qd2 d4 24. Qf4 Qf5 $1 25. Qxf5 gxf5 26. Bxe7 Rxe7 27. cxd4 Nxd4 28. Kf1 Red7 29. Nh4 ({White should try} 29. Nxd4 $14 cxd4 30. Ke2) 29... f4 $11 30. Re4 Ne6 31. Rxd7 Rxd7 {[%emt 0:00:01][%mdl 4096] Endgame KRN-KRN} 32. Nf5 Rd1+ 33. Re1 $1 Rd2 34. Re2 $1 Rd1+ 35. Re1 Rd2 36. Re2 $1 Rd3 37. f3 Kf8 38. Ke1 Rd5 39. Nd6 Nd4 ({Resist} 39... f6 40. Ne4 $14) 40. Re4 (40. Rd2 $1 $15) 40... f5 $1 $19 41. Rxf4 Rxe5+ 42. Kf2 (42. Kf1 $19) 42... Rd5 $1 $17 43. Nb7 (43. Nc8 $17 {was the only defense.}) 43... Ne6 $19 44. Rh4 Kg7 {[%emt 0:00:01] Prevents Rh6.} 45. Ke3 Kg6 46. a4 $2 (46. g3 {was necessary.}) 46... h6 47. axb5 (47. g3 $142) 47... axb5 48. g3 Kg5 ({Don't go for} 48... Nd4 $2 49. Na5 $19) (48... h5 $19 {White must now prevent ...Rd7.} 49. g4 hxg4 50. hxg4 f4+ 51. Kf2 Rd2+ 52. Ke1 Rd7) 49. f4+ $17 Kg6 50. g4 Nd4 51. Rh5 $2 (51. Na5 $17) 51... Nxb3 $19 52. Rxf5 Rxf5 53. gxf5+ {[%emt 0:00:01] KN-KN} Kf6 54. Nd6 b4 {[%emt 0:00:06] Threatens to win with ...Na5.} 55. Kd3 (55. Ke4 $142 Nd4 56. Nc4) 55... Na5 56. Ne4+ Kxf5 57. Nxc5 Kxf4 58. Kd4 Kg3 59. Nd3 b3 60. Kc3 Kxh3 61. Kb4 {[%emt 0:00:00] Black mates.} Nc6+ 62. Kxb3 {[%emt 0:00:16] [#]} Kg3 $1 63. Kc3 h5 64. Kd2 h4 65. Ke2 h3 66. Kf1 h2 67. Nf2 {[%emt 0:00:01] [#]} Kf3 $1 68. Nh1 Nd4 69. Nf2 Nf5 {[%emt 0:00:01] Weighted Error Value: White=0.58/Black=0.10 (very precise)} 0-1

[Event "Susha Chess Rapid 2022"]
[Site "Shusha"]
[Date "2022.09.22"]
[Round "4.4"]
[White "Radjabov, Teimour"]
[Black "Durarbayli, Vasif"]
[Result "0-1"]
[ECO "A05"]
[WhiteElo "2747"]
[BlackElo "2628"]
[Annotator "TA"]
[PlyCount "50"]
[EventDate "2022.09.21"]
[EventType "tourn"]
[EventCountry "AZE"]
[SourceTitle "playchess.com"]
[Source "ChessBase"]
[SourceQuality "1"]
[TimeControl "900+10"]

1. Nf3 Nf6 2. c4 e6 3. Nc3 c5 4. e3 Nc6 5. d4 d5 6. cxd5 exd5 7. Bb5 cxd4 $1 {[%emt 0:00:01][%mdl 4] outshines the older 7...Bd6.} 8. Nxd4 Bd7 9. O-O Bd6 {[%emt 0:00:51] D32: Tarrasch Defence: Sidelines and lines without g3.} 10. Nf3 a6 11. Be2 (11. Bxc6 $5 Bxc6 12. b3 $11) 11... Be6 {[%emt 0:00:15] The position is equal.} 12. b3 O-O 13. Bb2 Rc8 14. Rc1 Qe7 {[%emt 0:00:01] [#]} 15. Nd4 $146 ({Predecessor:} 15. Na4 Nb4 16. Rxc8 Rxc8 17. Nc3 Nc6 18. g3 Bc5 19. Ng5 Rd8 20. Nxe6 Qxe6 21. Bf3 {½-½ (37) Nihal,S (2572)-Bellaiche,A (2453) Douglas 2018}) 15... Be5 16. Nf3 Bb8 17. Qd3 Rfe8 18. Rfd1 (18. Nd4 {keeps more tension.} Qd6 19. g3 Bh3 20. Rfd1) 18... Rcd8 19. Qb1 {[%emt 0:01:12] [#]} ({White should play} 19. g3 $15) 19... Bg4 ({Better is} 19... Ng4 $1 {[%cal Od5d4] Threatens to win with ...d4!} 20. h3 Nge5) 20. Nd4 (20. Re1 $17) 20... Qe5 $19 21. g3 {[%emt 0:00:14] And now Nxc6 would win.} Qh5 22. Qc2 (22. Rc2 $142) 22... Nxd4 23. Rxd4 Ba7 24. Rd2 (24. Rf4) 24... d4 25. Rcd1 $2 {[%emt 0:03:12] [#]} (25. exd4 Rxd4 26. Rxd4 Bxd4 27. h4) 25... dxe3 $1 {[%emt 0:00:36] Weighted Error Value: White=0.75/Black=0.08 (flawless)} 0-1

[Event "Susha Chess Rapid 2022"]
[Site "Shusha"]
[Date "2022.09.22"]
[Round "4.5"]
[White "Wang, Hao"]
[Black "Guseinov, Gadir"]
[Result "1-0"]
[ECO "B67"]
[WhiteElo "2722"]
[BlackElo "2661"]
[Annotator "TA"]
[PlyCount "127"]
[EventDate "2022.09.21"]
[EventType "tourn"]
[EventCountry "AZE"]
[SourceTitle "playchess.com"]
[Source "ChessBase"]
[SourceQuality "1"]
[TimeControl "900+10"]

1. e4 c5 2. Nf3 d6 3. d4 cxd4 4. Nxd4 Nf6 5. Nc3 Nc6 6. Bg5 e6 7. Qd2 a6 8. O-O-O Bd7 9. Nxc6 Bxc6 10. f3 {[%emt 0:00:02] B67: Sicilian: Richter-Rauzer: 7...a6 8 0-0-0 Bd7, lines without 9 f4 Be7.} Be7 {[%emt 0:00:12] 10...h6 deserves study.} 11. h4 Qa5 12. Kb1 {[%emt 0:00:06] White is slightly better.} Rc8 {[%emt 0:01:24] [#]} 13. Bd3 $146 ({Predecessor:} 13. h5 h6 14. Bh4 b5 15. a3 Qc7 16. Bd3 O-O 17. g4 Rb8 18. g5 Nh7 19. gxh6 Bxh4 20. hxg7 {1-0 (30) Bindrich,F (2391)-Walek,M (2374) Czech Republic 2005}) 13... h6 (13... h5 $14) 14. Be3 $16 Qc7 (14... h5 $14) 15. g4 $1 {[%emt 0:00:22] White is more active.} Nd7 16. g5 hxg5 (16... h5 $142) 17. hxg5 Rxh1 18. Rxh1 Ne5 19. Be2 b5 20. f4 b4 21. Nd5 (21. fxe5 bxc3 22. Qxc3 Bxe4 23. Rh8+ Kd7 24. Rxc8 Qxc8 $16) (21. Rh8+ $142 Kd7 22. Rxc8 Qxc8 23. Nd1 (23. fxe5 bxc3 24. Qxc3 Bb7 $16)) 21... Bxd5 22. exd5 Nc4 23. Bxc4 (23. Rh8+ Kd7 24. Bxc4 (24. dxe6+ $2 fxe6 25. Bxc4 Rxh8 $19) 24... Rxh8 25. Qxb4 Rh1+ 26. Bc1 Kd8 $11) 23... Qxc4 24. dxe6 fxe6 25. Re1 Qe4 {[%emt 0:01:39] [#]} 26. Bc5 $1 Qf5 27. Bxb4 {[%emt 0:01:20] b3 is the strong threat.} Rc4 28. Bc3 (28. Bxd6 $2 Bxd6 29. Qe2 (29. Qxd6 $2 {is a self mate.} Qxc2+ 30. Ka1 Qc1+ 31. Rxc1 Rxc1#) 29... Rxf4 30. Qxa6 Qd5 $17) 28... Rxf4 {[%emt 0:00:33] [#]} 29. Rxe6 $1 {[%emt 0:00:37] Black must now prevent Qe3.} Rf1+ 30. Re1 Rxe1+ $1 31. Qxe1 Qxg5 $14 {[%emt 0:00:10][%mdl 4096] Endgame KQB-KQB} 32. a4 ({White should play} 32. b4 $16) 32... Qg4 (32... Qg2 $1 $11) 33. a5 (33. b3 $1 $16) 33... d5 34. Qd2 Qc4 (34... Qg1+ $14 35. Ka2 Qg6) 35. Bxg7 $16 Bb4 36. Qe3+ Kf7 37. Qa7+ Kg6 38. Qg1+ Kf5 $2 (38... Kf7 $16 39. Be5 Ke6) 39. b3 Qg4 (39... Qc6 40. Qg3 Bxa5 41. Qh3+ Kg5 42. Qg2+ Kh4 43. Qh2+ Kg5 44. Qg3+ Kh5 45. Qh3+ Kg5 46. Qg3+ Kh5 47. Qh3+ Kg5) 40. Qf1+ $18 Kg6 {[%emt 0:00:09] [#]} 41. Bf8 (41. Bc3 $1 $18 Bxc3 42. Qd3+ Kf7 43. Qxc3) 41... Bxf8 $11 42. Qxf8 {[%emt 0:00:03] KQ-KQ} Qd1+ 43. Kb2 Qd4+ 44. Ka2 Qc3 $1 45. Qd6+ Kg7 46. Qd7+ ({Don't take} 46. Qxd5 $6 Qxc2+ 47. Ka3 Qc1+ 48. Kb4 Qf4+ 49. Kc5 Qc7+ 50. Kd4 Qf4+ 51. Kd3 Qg3+ 52. Ke4 Qh4+ 53. Kd3 Qh6 $16) 46... Kf6 $2 {[%emt 0:00:13][%mdl 8192] [#] Black is on the road to losing.} (46... Kh6 $11) 47. Qd8+ $1 $18 Ke6 48. Qb6+ Ke5 {[%emt 0:00:06] [#]} (48... Kf5 $142 49. Kb1 (49. Qxa6 Qxc2+ 50. Ka3 Qc5+ 51. Ka4 Qd4+ 52. b4 Qd1+ 53. Kb5 Qe2+ 54. Kb6 Qe3+ 55. Kc6 Qe6+ 56. Kb7 Qe7+ 57. Kb8 Qxb4+ 58. Kc7 Qe7+ 59. Kc8 Qf8+ 60. Kd7 Qg7+ 61. Kd8 Qf8+ 62. Kc7 Qe7+ 63. Kc8 Qf8+ 64. Kd7 Qg7+ 65. Kd8 Qf8+ 66. Kd7 $11) 49... Qe1+ 50. Kb2 Qe5+ 51. Ka3 Qe7+ 52. Ka2 Qe4) 49. Kb1 $1 Qc8 50. Qe3+ Kd6 51. Qh6+ Ke5 52. Qe3+ Kd6 53. Kb2 Qh8+ 54. c3 Qc8 55. Qb6+ Kd7 56. Qa7+ Kd6 57. Qb6+ Kd7 $1 58. Kc2 {[%emt 0:00:05] White is clearly winning.} Ke7 59. Qe3+ Kd6 60. Qh6+ Ke5 61. Qg5+ Ke4 62. Qf6 Qb7 63. Qb6 Qh7 64. Qd4+ {[%emt 0:00:09] Weighted Error Value: White=0.46/Black=0.37} 1-0